 Dungeon Crawl Stone Soup version 0.27-a0-1217-g8a41f320e8 (webtiles) character file.

Game seed: 4614902037456668980

1 Glokmah the Ruffian (level 1, 0/17 HPs)
             Began as a Gnoll Wanderer on June 6, 2021.
             Slain by a jackal (3 damage)
             ... on level 1 of the Dungeon.
             The game lasted 00:00:11 (35 turns).

Glokmah the Ruffian (Gnoll Wanderer)                  Turns: 35, Time: 00:00:11

Health: 0/17       AC:  2    Str: 12    XL:     1   Next: 20%
Magic:  1/1        EV: 11    Int: 12    God:
Gold:   0          SH:  0    Dex:  9    Spells: 0/0 levels left

rFire    . . .     SeeInvis .   a - +2 dagger
rCold    . . .     Faith    .   (no shield)
rNeg     . . .     Spirit   .   e - +0 robe
rPois    .         Reflect  .   (no helmet)
rElec    .         Harm     .   (no cloak)
rCorr    .         Rampage  .   (no gloves)
Will     .....                  (no boots)
Stlth    ++........             (no amulet)
HPRegen  0.05/turn              (no ring)
MPRegen  0.07/turn              (no ring)

@: no status effects
A: fangs 1, strong nose, distributed training
a: no special abilities


You were on level 1 of the Dungeon.
You visited 1 branch of the dungeon, and saw 1 of its levels.

Inventory:

Hand Weapons
 a - a +2 dagger (weapon)
 d - a +0 spear
Armour
 e - a +0 robe (worn)
Potions
 b - a potion of haste
 c - a potion of lignification
 f - a potion of curing {unknown}


   Skills:
 + Level 2.3 Fighting
 + Level 0.0 Short Blades
 + Level 0.0 Long Blades
 + Level 0.0 Axes
 + Level 0.0 Maces & Flails
 + Level 4.4 Polearms
 + Level 0.0 Staves
 + Level 0.0 Slings
 + Level 0.0 Bows
 + Level 0.0 Crossbows
 + Level 0.0 Throwing
 + Level 0.0 Armour
 + Level 0.0 Dodging
 + Level 4.0 Stealth
 + Level 2.3 Shields
 + Level 6.4 Unarmed Combat
 + Level 0.0 Spellcasting
 + Level 0.0 Conjurations
 + Level 0.0 Hexes
 + Level 0.0 Summonings
 + Level 0.0 Necromancy
 + Level 0.0 Translocations
 + Level 0.0 Transmutations
 + Level 0.0 Fire Magic
 + Level 0.0 Ice Magic
 + Level 0.0 Air Magic
 + Level 0.0 Earth Magic
 + Level 0.0 Poison Magic
 + Level 0.0 Invocations
 + Level 2.3 Evocations


You couldn't memorise any spells.
You didn't know any spells.
Your spell library was empty.

Dungeon Overview and Level Annotations

Branches:
Dungeon (1/15)

Altars:


Innate Abilities, Weirdness & Mutations

You have very sharp teeth.
Your uncanny sense of smell can sniff out nearby items.
Your experience applies equally to all skills.


Message History

The jackal bites you. x2
You closely miss the jackal.
The jackal barks!
You bite the jackal, but do no damage. You hit the jackal.
The jackal is almost dead.
The jackal bites you but does no damage. x2
The jackal barely misses you. The jackal bites you.
There is a huge open gate here.
The jackal bites you. The jackal barely misses you.
You hit the jackal.
You kill the jackal!
The jackal bites you. x2; The jackal completely misses you.
You are too injured to fight recklessly!
You are too injured to fight recklessly!
You are too injured to fight recklessly!
Unknown command.
You are too injured to fight recklessly!
You are too injured to fight recklessly!
You are too injured to fight recklessly!
The jackal misses you. The giant cockroach misses you.
The jackal closely misses you. The giant cockroach barely misses you.
There is an open gate here.
The jackal misses you. The jackal closely misses you. The jackal bites you.
* * * LOW HITPOINT WARNING * * *
You barely miss the jackal. Your bite misses the jackal.
The jackal barely misses you.
You hit the jackal. Your bite misses the jackal.
The jackal is moderately wounded.
The jackal closely misses you. The jackal barely misses you.
You hit the jackal.
The jackal is heavily wounded.
The goblin shouts!
The jackal bites you but does no damage. x2
The jackal bites you.
You die...

################
≈≈≈≈≈≈≈<≈≈≈≈≈≈≈#
≈≈≈≈≈≈≈.≈≈≈≈≈≈≈#
≈≈≈≈.......≈≈≈≈#
≈≈...........≈≈#
≈......hh.....≈#
≈......@h.....≈#
##..8.###.8..###
g#...........#o#
######''B#######
#......h....#
#...........# .
###.......###...
.##'''''##....#
.............#


You could see an orc, 3 jackals and a goblin.

Vanquished Creatures
  A jackal (D:1)
1 creature vanquished.

Notes
Turn   | Place    | Note
-------+----------+-------------------------------------------
     0 | D:1      | Glokmah the Gnoll Wanderer began the quest for the Orb.
     0 | D:1      | Glokmah set off with the following items: a +2 dagger, a
                  | potion of haste, a potion of lignification, a +0 spear, a
                  | +0 robe
     0 | D:1      | Reached XP level 1. HP: 17/17 MP: 1/1
    35 | D:1      | Slain by a jackal

Illustrated notes

Levels and vault maps discovered:
D:1:      lordsloth_arrival_two_stooges, layout_loops_cross,
          minmay_misc_feat_rugged

Action                   || total
-------------------------++-------
Melee: Dagger            ||     7
       Bite              ||     1
Armor: Robe              ||     5
Dodge: Dodged            ||    12

Table legend: (Time is in decaauts)
 A = Elapsed time spent in this place.
 B = Non-inter-level travel time spent in this place.
 C = Inter-level travel time spent in this place.
 D = Time resting spent in this place.
 E = Time spent auto-exploring this place.
 F = Levels seen in this place.
 G = Mean time per level.
                   A        B        C        D        E       F      G
               +--------+--------+--------+--------+--------+-----+--------+
         Total |     35 |     35 |      0 |      0 |     12 |   1 |   35.0 |
       Dungeon |     35 |     35 |      0 |      0 |     12 |   1 |   35.0 |
               +--------+--------+--------+--------+--------+-----+--------+

Top non-repeatable levels by time:
     D:1: 35 daAuts
